Map: Oxide LE

Players

Massa - Winner!

  • Race: Terran Terran
  • League: Platinum

SatchTrek

  • Race: Protoss Protoss
  • League: Platinum

VOD

Have the link to the VOD?

Description

Time

  • Played on: April 26, 2021, 12:40 p.m.
  • Length: 7:00
Show
View Real Time Build Order
Export as new Build Order

Massa Terran - Winner!

Build Orders: Reaper Expand 

Get SALT Encoding   

  12  0:00  SCV  
  13  0:12  SCV  
  14  0:21  Supply Depot  
  14  0:24  SCV  
  15  0:42  SCV  
  16  0:45  Barracks  
  16  0:50  Refinery  
  16  0:54  SCV  
  17  1:06  SCV  
  18  1:19  SCV  
  19  1:32  Orbital Command  
  19  1:34  Reaper  
  20  1:47  Command Center  
  21  2:01  SCV  
  21  2:06  Marine  
  22  2:15  Supply Depot  
  22  2:22  SCV  
  23  2:32  Factory  
  23  2:33  Barracks Tech Lab  
  23  2:38  SCV  
  24  2:50  SCV  
  24  2:51  Marine  
  25  2:57  Refinery  
  26  3:02  Command Center  
  26  3:11  Marauder  
  28  3:12  Stimpack  
  28  3:20  Factory Tech Lab  
  28  3:23  SCV  
  30  3:27  Orbital Command  
  29  3:47  Marauder  
  31  3:49  Cyclone  
  31  3:50  SCV  
  35  3:55  Engineering Bay  
  35  4:02  SCV  
  36  4:12  SCV  
  36  4:14  SCV  
  38  4:18  Marauder  
  38  4:21  Cyclone  
  43  4:24  SCV  
  43  4:26  SCV  
  45  4:36  SCV  
  45  4:48  Marauder  
  45  4:49  SCV x2  
  49  4:53  Cyclone  
  49  4:55  SCV  
  49  4:58  Refinery  
  49  4:59  Refinery  
  53  5:01  SCV x2  
  53  5:03  Engineering Bay  
  55  5:08  SCV, Barracks  
  55  5:10  Marauder  
  55  5:12  Concussive Shells  
  55  5:13  SCV x2  
  60  5:20  SCV  
  61  5:27  Barracks  
  61  5:32  Supply Depot  
  61  5:34  Supply Depot x2  
  61  5:39  SCV x2  
  63  5:57  Supply Depot  
  63  6:01  Supply Depot  
  58  6:24  Marauder, Supply Depot  
  58  6:25  Barracks Reactor  
Show
View Real Time Build Order
Export as new Build Order

SatchTrek Protoss 

Build Orders:  

Get SALT Encoding   

  12  0:01  Probe  
  13  0:13  Pylon  
  13  0:18  Probe  
  14  0:32  Gateway  
  14  0:33  Probe  
  15  0:45  Probe  
  16  0:57  Probe (Chrono Boost)  
  16  0:59  Assimilator  
  17  1:04  Assimilator  
  17  1:07  Probe (Chrono Boost)  
  18  1:12  Probe (Chrono Boost)  
  18  1:14  Pylon  
  19  1:20  Cybernetics Core  
  20  1:25  Probe  
  20  1:38  Pylon  
  21  1:40  Probe  
  21  1:52  Probe  
  22  1:58  Stargate  
  22  2:01  Shield Battery  
  22  2:07  Stalker (Chrono Boost)  
  22  2:08  Probe  
  24  2:29  Probe  
  29  2:54  Probe  
  30  3:17  Pylon  
  30  3:24  Twilight Council  
  26  3:28  Warp Gate  
  26  3:37  Pylon  
  25  4:03  Gateway  
  25  4:06  Charge  
  25  4:19  Gateway  
  25  4:21  Gateway  
  24  4:33  Nexus  
  23  4:40  Probe (Chrono Boost)  
  24  4:46  Pylon  
  24  4:49  Probe (Chrono Boost)  
  24  4:52  Robotics Facility  
  25  4:57  Pylon  
  25  5:07  Gateway  
  25  5:09  Gateway  
  25  5:14  Gateway  
  25  5:26  Templar Archives  
  25  5:27  Probe  
  26  5:39  Probe  
  26  5:41  Warp Prism  
  29  5:47  Zealot x3  
  32  5:51  Probe  
  32  5:53  Zealot  
  26  6:09  Zealot x2  
  26  6:10  Zealot  
Tags
 
Add a new tag
Caveats
  • Supply blocks, unpowered buildings, or Contaminate may cause inaccurate times.
  • Supply counts are checked every 10 seconds.